| TOP OF THE 1ST |
|
Akron RubberDucks batting - Pitching for Trenton Thunder : RHP Bobby Mott
|
|
Pitching: RHP Bobby Mott
|
|
|
Batting: LHB Nick Welling
|
0-0: Called Strike 0-1: Called Strike 0-2: Ball 1-2: Ball 2-2: Ball 3-2: Ground out 5-3 (Groundball, 56, EV 95.6 MPH)
|
|
Batting: RHB Willie Gonzales
|
0-0: Fly out, F9 (Line Drive, 9S, EV 108.1 MPH)
|
|
Batting: RHB Carlos Abrego
|
0-0: Called Strike 0-1: Ball 1-1: Foul Ball, location: 2F 1-2: Strikes out swinging
|
| Top of the 1st over - 0 runs, 0 hits, 0 errors, 0 left on base; Akron 0 - Trenton 0 |
| BOTTOM OF THE 1ST |
|
Trenton Thunder batting - Pitching for Akron RubberDucks : RHP Kensaku Shiba
|
|
Pitching: RHP Kensaku Shiba
|
|
|
Batting: RHB Tim Osborn
|
0-0: Called Strike 0-1: SINGLE (Line Drive, 4M, EV 103.1 MPH)
|
|
Batting: SHB Ryan Buchbinder
|
0-0: Called Strike 0-1: Ball 1-1: Fly out, F3 (Line Drive, 3, EV 67.5 MPH) Lined into DP, U3 (Line Drive, 3, EV 70.6 MPH)
|
|
Batting: LHB Bobby Upton
|
0-0: Foul Ball, location: 2F 0-1: Foul Ball, location: 2F 0-2: Ball 1-2: Foul Ball, location: 2F 1-2: Strikes out swinging
|
| Bottom of the 1st over - 0 runs, 1 hit, 0 errors, 0 left on base; Akron 0 - Trenton 0 |
| TOP OF THE 2ND |
|
Akron RubberDucks batting - Pitching for Trenton Thunder : RHP Bobby Mott
|
|
Batting: LHB Sam Ogg
|
0-0: Ball 1-0: Ball 2-0: Foul Ball, location: 2F 2-1: Swinging Strike 2-2: Strikes out looking
|
|
Batting: LHB Justin Rankin
|
0-0: Foul Ball, location: 2F 0-1: Ball 1-1: Ball 2-1: Ball 3-1: Swinging Strike 3-2: Strikes out looking
|
|
Batting: SHB Arturo Baez
|
0-0: Called Strike 0-1: Ball 1-1: Ground out 5-3 (Groundball, 56S, EV 73.8 MPH)
|
| Top of the 2nd over - 0 runs, 0 hits, 0 errors, 0 left on base; Akron 0 - Trenton 0 |
| BOTTOM OF THE 2ND |
|
Trenton Thunder batting - Pitching for Akron RubberDucks : RHP Kensaku Shiba
|
|
Batting: RHB Jose Tovar
|
0-0: Ball 1-0: Called Strike 1-1: SINGLE (Line Drive, 8RS, EV 93.8 MPH)
|
|
Batting: RHB Larry Martell
|
0-0: Called Strike 0-1: Ball 1-1: Foul Ball, location: 2F 1-2: Foul Ball, location: 2F 1-2: Ball 2-2: Ball 3-2: Hit by Pitch Jose Tovar to second
|
|
Batting: RHB Christian Shearer
|
0-0: Ball 1-0: Ball 2-0: Foul Ball, location: 2F 2-1: Ball 3-1: Base on Balls Jose Tovar to third Larry Martell to second
|
|
Batting: RHB Nazeeh Zubair
|
0-0: Ball 1-0: Foul Ball, location: 2F 1-1: Ball 2-1: Foul Ball, location: 2F 2-2: SINGLE (Line Drive, 56D, EV 96.9 MPH) Jose Tovar scores Larry Martell to third Christian Shearer to second
|
|
Batting: RHB Ben Kidder
|
0-0: Ball 1-0: Called Strike 1-1: Ball 2-1: Swinging Strike 2-2: Foul Ball, location: 2F 2-2: Ball 3-2: Strikes out swinging
|
|
Batting: RHB Roberto Tena
|
0-0: Called Strike 0-1: Foul Ball, location: 2F 0-2: Grounds into double play, 6-4-3 (Groundball, 6, EV 83.8 MPH)
|
| Bottom of the 2nd over - 1 run, 2 hits, 0 errors, 2 left on base; Akron 0 - Trenton 1 |
| TOP OF THE 3RD |
|
Akron RubberDucks batting - Pitching for Trenton Thunder : RHP Bobby Mott
|
|
Batting: RHB Greg Harden
|
0-0: Ball 1-0: Fly out, F8 (Flyball, 8LD, EV 93.8 MPH)
|
|
Batting: LHB Yasuo Igarashi
|
0-0: Fly out, F8 (Flyball, 8LM, EV 89.4 MPH)
|
|
Batting: LHB Rich Walker
|
0-0: Called Strike 0-1: Swinging Strike 0-2: Ball 1-2: Strikes out swinging
|
| Top of the 3rd over - 0 runs, 0 hits, 0 errors, 0 left on base; Akron 0 - Trenton 1 |
| BOTTOM OF THE 3RD |
|
Trenton Thunder batting - Pitching for Akron RubberDucks : RHP Kensaku Shiba
|
|
Batting: RHB Tim Osborn
|
0-0: Ball 1-0: Foul Ball, location: 2F 1-1: Foul Ball, location: 2F 1-2: Ball 2-2: Ground out 6-3 (Groundball, 6, EV 91.9 MPH)
|
|
Batting: SHB Ryan Buchbinder
|
0-0: Called Strike 0-1: Ball 1-1: Ball 2-1: Foul Ball, location: 2F 2-2: Ground out 1-3 (Groundball, P, EV 69.4 MPH)
|
|
Batting: LHB Bobby Upton
|
0-0: Ball 1-0: Called Strike 1-1: Ball 2-1: SINGLE (Groundball, 56S, EV 68.1 MPH) (infield hit)
|
|
Batting: RHB Jose Tovar
|
0-0: Called Strike 0-1: Ball Bobby Upton steals 2nd, throwing error, E2 Bobby Upton to third 1-1: Called Strike 1-2: Strikes out looking
|
| Bottom of the 3rd over - 0 runs, 1 hit, 1 error, 1 left on base; Akron 0 - Trenton 1 |
| TOP OF THE 4TH |
|
Akron RubberDucks batting - Pitching for Trenton Thunder : RHP Bobby Mott
|
|
Batting: LHB Nick Welling
|
0-0: Ball 1-0: Foul Ball, location: 2F 1-1: Foul Ball, location: 2F 1-2: Strikes out swinging
|
|
Batting: RHB Willie Gonzales
|
0-0: Ball 1-0: Called Strike 1-1: Foul Ball, location: 2F 1-2: Foul Ball, location: 2F 1-2: Ball 2-2: Ball 3-2: Foul Ball, location: 2F 3-2: Foul Ball, location: 2F 3-2: Strikes out swinging
|
|
Batting: RHB Carlos Abrego
|
0-0: Ball 1-0: Foul Ball, location: 2F 1-1: SINGLE (Line Drive, 6D, EV 103.8 MPH)
|
|
Batting: LHB Sam Ogg
|
0-0: Fly out, F8 (Flyball, 8LM, EV 92.5 MPH)
|
| Top of the 4th over - 0 runs, 1 hit, 0 errors, 1 left on base; Akron 0 - Trenton 1 |
| BOTTOM OF THE 4TH |
|
Trenton Thunder batting - Pitching for Akron RubberDucks : RHP Kensaku Shiba
|
|
Batting: RHB Larry Martell
|
0-0: Ball 1-0: Fly out, F8 (Line Drive, 8LD, EV 94.4 MPH)
|
|
Batting: RHB Christian Shearer
|
0-0: Called Strike 0-1: Foul Ball, location: 2F 0-2: Strikes out looking
|
|
Batting: RHB Nazeeh Zubair
|
0-0: Called Strike 0-1: Swinging Strike 0-2: Ball 1-2: Strikes out looking
|
| Bottom of the 4th over - 0 runs, 0 hits, 0 errors, 0 left on base; Akron 0 - Trenton 1 |
| TOP OF THE 5TH |
|
Akron RubberDucks batting - Pitching for Trenton Thunder : RHP Bobby Mott
|
|
Batting: LHB Justin Rankin
|
0-0: Ground out 5-3 (Groundball, 6, EV 100.6 MPH)
|
|
Batting: SHB Arturo Baez
|
0-0: Called Strike 0-1: Swinging Strike 0-2: Ball 1-2: Foul Ball, location: 2F 1-2: Strikes out swinging
|
|
Batting: RHB Greg Harden
|
0-0: Ball 1-0: Foul Ball, location: 2F 1-1: Ball 2-1: Swinging Strike 2-2: Ball 3-2: Base on Balls
|
|
Batting: LHB Yasuo Igarashi
|
0-0: Fly out, F8 (Line Drive, 8RM, EV 97.5 MPH)
|
| Top of the 5th over - 0 runs, 0 hits, 0 errors, 1 left on base; Akron 0 - Trenton 1 |
| BOTTOM OF THE 5TH |
|
Trenton Thunder batting - Pitching for Akron RubberDucks : RHP Kensaku Shiba
|
|
Batting: RHB Ben Kidder
|
0-0: Called Strike 0-1: Swinging Strike 0-2: Foul Ball, location: 2F 0-2: Ball 1-2: Strikes out swinging
|
|
Batting: RHB Roberto Tena
|
0-0: Ball 1-0: Ground out 2-3 (Groundball, 2L, EV 75.6 MPH)
|
|
Batting: RHB Tim Osborn
|
0-0: Called Strike 0-1: Foul Ball, location: 2F 0-2: Ball 1-2: Foul Ball, location: 2F 1-2: Ground out 6-3 (Groundball, 56, EV 87.5 MPH)
|
| Bottom of the 5th over - 0 runs, 0 hits, 0 errors, 0 left on base; Akron 0 - Trenton 1 |
| TOP OF THE 6TH |
|
Akron RubberDucks batting - Pitching for Trenton Thunder : RHP Bobby Mott
|
|
Batting: LHB Rich Walker
|
0-0: Ball 1-0: Foul Ball, location: 2F 1-1: Foul Ball, location: 2F 1-2: Fly out, F8 (Flyball, 78D, EV 100.0 MPH)
|
|
Batting: LHB Nick Welling
|
0-0: Ball 1-0: Ball 2-0: Called Strike 2-1: Ball 3-1: Base on Balls
|
|
Batting: RHB Willie Gonzales
|
0-0: Ball Nick Welling steals 2nd base 1-0: Ball 2-0: Foul Ball, location: 2F 2-1: Ball 3-1: Foul Ball, location: 2F 3-2: Ground out 1-3 (Groundball, 25, EV 64.4 MPH)
|
|
Batting: RHB Carlos Abrego
|
0-0: Called Strike 0-1: Ball 1-1: Ball 2-1: Ball 3-1: Foul Ball, location: 2F 3-2: Strikes out swinging
|
| Top of the 6th over - 0 runs, 0 hits, 0 errors, 1 left on base; Akron 0 - Trenton 1 |
| BOTTOM OF THE 6TH |
|
Trenton Thunder batting - Pitching for Akron RubberDucks : RHP Kensaku Shiba
|
|
Batting: SHB Ryan Buchbinder
|
0-0: Called Strike 0-1: Swinging Strike 0-2: Strikes out swinging
|
|
Batting: LHB Bobby Upton
|
0-0: Called Strike 0-1: SINGLE (Groundball, 56D, EV 99.4 MPH)
|
|
Batting: RHB Jose Tovar
|
0-0: Called Strike 0-1: Ball 1-1: Ball Bobby Upton steals 2nd base 2-1: Fly out, F7 (Flyball, 78S, EV 95.0 MPH)
|
|
Batting: RHB Larry Martell
|
0-0: Ball 1-0: Ball 2-0: Swinging Strike 2-1: Ball 3-1: Called Strike 3-2: Strikes out swinging
|
| Bottom of the 6th over - 0 runs, 1 hit, 0 errors, 1 left on base; Akron 0 - Trenton 1 |
| TOP OF THE 7TH |
|
Akron RubberDucks batting - Pitching for Trenton Thunder : RHP Bobby Mott
|
|
Batting: LHB Sam Ogg
|
0-0: Called Strike 0-1: Fly out, F8 (Flyball, 8RD, EV 92.5 MPH)
|
|
Batting: LHB Justin Rankin
|
0-0: Ball 1-0: Ball 2-0: Swinging Strike 2-1: Foul Ball, location: 2F 2-2: Foul Ball, location: 2F 2-2: Strikes out swinging
|
|
Batting: SHB Arturo Baez
|
0-0: Called Strike 0-1: Ball 1-1: Ball 2-1: Ball 3-1: Foul Ball, location: 2F 3-2: Fly out, F8 (Line Drive, 8LM, EV 93.8 MPH)
|
| Top of the 7th over - 0 runs, 0 hits, 0 errors, 0 left on base; Akron 0 - Trenton 1 |
| BOTTOM OF THE 7TH |
|
Trenton Thunder batting - Pitching for Akron RubberDucks : RHP Kensaku Shiba
|
|
Batting: RHB Christian Shearer
|
0-0: Fly out, F8 (Flyball, 89M, EV 90.0 MPH)
|
|
Pitching: RHP Marquis Williams
|
|
|
Batting: RHB Nazeeh Zubair
|
0-0: Foul Ball, location: 2F 0-1: Ball 1-1: Called Strike 1-2: Strikes out swinging
|
|
Batting: RHB Ben Kidder
|
0-0: Ground out 5-3 (Groundball, 56, EV 106.2 MPH)
|
| Bottom of the 7th over - 0 runs, 0 hits, 0 errors, 0 left on base; Akron 0 - Trenton 1 |
| TOP OF THE 8TH |
|
Akron RubberDucks batting - Pitching for Trenton Thunder : RHP Bobby Mott
|
|
Batting: RHB Greg Harden
|
0-0: Ball 1-0: Fly out, F9 (Line Drive, 89D, EV 93.1 MPH)
|
|
Batting: LHB Yasuo Igarashi
|
0-0: Ball 1-0: Ball 2-0: Called Strike 2-1: Ground out 4-3 (Groundball, 4, EV 80.6 MPH)
|
|
Batting: LHB Rich Walker
|
0-0: Called Strike 0-1: Foul Ball, location: 2F 0-2: Ball 1-2: Fly out, F8 (Flyball, 78M, EV 86.2 MPH)
|
| Top of the 8th over - 0 runs, 0 hits, 0 errors, 0 left on base; Akron 0 - Trenton 1 |
| BOTTOM OF THE 8TH |
|
Trenton Thunder batting - Pitching for Akron RubberDucks : RHP Marquis Williams
|
|
Batting: RHB Roberto Tena
|
0-0: DOUBLE (Flyball, 78XD, EV 113.1 MPH)
|
|
Batting: RHB Tim Osborn
|
0-0: Ball 1-0: Foul Ball, location: 2F 1-1: Swinging Strike 1-2: Ball 2-2: Fly out, F8 (Flyball, 8LD, EV 105.6 MPH)
|
|
Batting: SHB Ryan Buchbinder
|
0-0: Ball Roberto Tena is caught stealing 3rd base 2-5 1-0: Called Strike 1-1: Ground out 5-3 (Groundball, 56, EV 80.6 MPH)
|
| Bottom of the 8th over - 0 runs, 1 hit, 0 errors, 0 left on base; Akron 0 - Trenton 1 |
| TOP OF THE 9TH |
|
Akron RubberDucks batting - Pitching for Trenton Thunder : RHP Bobby Mott
|
|
Pitching: RHP Ricky Mercer
|
|
|
Batting: LHB Nick Welling
|
0-0: Ball 1-0: Foul Ball, location: 2F 1-1: SINGLE (Line Drive, 8LS, EV 91.2 MPH)
|
|
Batting: RHB Willie Gonzales
|
0-0: Bunted foul 0-1: Ball 1-1: Ball 2-1: Sac Bunt to 13S - play at first, batter OUT! 1-3 Nick Welling to second
|
|
Batting: RHB Carlos Abrego
|
0-0: Called Strike 0-1: Hit by Pitch
|
|
Batting: LHB Sam Ogg
|
0-0: Ball 1-0: Hit by Pitch Nick Welling to third Carlos Abrego to second
|
|
Batting: LHB Justin Rankin
|
0-0: Ball 1-0: Foul Ball, location: 2F 1-1: Ball 2-1: Ball 3-1: Base on Balls Nick Welling scores Carlos Abrego to third Sam Ogg to second
|
|
Batting: SHB Arturo Baez
|
0-0: Foul Ball, location: 2F 0-1: Called Strike 0-2: Strikes out looking
|
|
Batting: RHB Greg Harden
|
0-0: Ball 1-0: Ball 2-0: Ball 3-0: Called Strike 3-1: Foul Ball, location: 2F 3-2: Strikes out looking
|
| Top of the 9th over - 1 run, 1 hit, 0 errors, 3 left on base; Akron 1 - Trenton 1 |
| BOTTOM OF THE 9TH |
|
Trenton Thunder batting - Pitching for Akron RubberDucks : RHP Marquis Williams
|
|
Batting: LHB Bobby Upton
|
0-0: Ball 1-0: Called Strike 1-1: Ball 2-1: Foul Ball, location: 2F 2-2: Foul Ball, location: 2F 2-2: Foul Ball, location: 2F 2-2: SINGLE (Line Drive, 7S, EV 93.8 MPH)
|
|
Batting: RHB Jose Tovar
|
0-0: Called Strike Bobby Upton steals 2nd base 0-1: Called Strike 0-2: Ball 1-2: Foul Ball, location: 2F 1-2: Ball 2-2: Foul Ball, location: 2F 2-2: Ball 3-2: Fly out, F7 (Line Drive, 78M, EV 90.0 MPH) Runner from 2nd tags up, OUT at 3rd! 7-5
|
|
Batting: RHB Larry Martell
|
0-0: Ball 1-0: Fly out, F4 (Popup, 4M, EV 51.9 MPH)
|
| Bottom of the 9th over - 0 runs, 1 hit, 0 errors, 0 left on base; Akron 1 - Trenton 1 |
| TOP OF THE 10TH |
|
Akron RubberDucks batting - Pitching for Trenton Thunder : RHP Ricky Mercer
|
|
Batting: LHB Yasuo Igarashi
|
0-0: SINGLE (Line Drive, 5D, EV 99.4 MPH)
|
|
Batting: LHB Rich Walker
|
0-0: Called Strike 0-1: Foul Ball, location: 2F 0-2: Foul Ball, location: 2F 0-2: Ball 1-2: Strikes out looking
|
|
Batting: LHB Nick Welling
|
0-0: Ball Yasuo Igarashi steals 2nd base 1-0: Intentional Walk
|
|
Batting: RHB Willie Gonzales
|
0-0: SINGLE (Groundball, 6M, EV 101.2 MPH) (infield hit) Yasuo Igarashi to third Nick Welling to second
|
|
Batting: RHB Carlos Abrego
|
0-0: Ball 1-0: Ball 2-0: Called Strike 2-1: Ball 3-1: Fly out, F7 (Flyball, 7, EV 89.4 MPH)
|
|
Pitching: RHP Jimmy Williams
|
|
|
Batting: LHB Sam Ogg
|
0-0: Called Strike 0-1: Ball 1-1: Foul Ball, location: 2F Pickoff Throw to Third - Error! E1 Yasuo Igarashi scores Nick Welling to third Willie Gonzales to second 1-2: Foul Ball, location: 2F 1-2: Strikes out swinging
|
| Top of the 10th over - 1 run, 2 hits, 1 error, 2 left on base; Akron 2 - Trenton 1 |
| BOTTOM OF THE 10TH |
|
Trenton Thunder batting - Pitching for Akron RubberDucks : RHP Marquis Williams
|
|
Pitching: RHP Mike Shields
|
|
|
Batting: RHB Christian Shearer
|
0-0: Called Strike 0-1: Swinging Strike 0-2: Foul Ball, location: 2F 0-2: Ball 1-2: Fly out, F4 (Popup, 4D, EV 57.5 MPH)
|
|
Pinch Hitting: SHB David Stewart
|
0-0: Called Strike 0-1: Ball 1-1: Ball 2-1: Ground out 4-3 (Groundball, 4, EV 86.2 MPH)
|
|
Pinch Hitting: LHB Victor Fiallos
|
0-0: Called Strike 0-1: Swinging Strike 0-2: Ground out 4-3 (Groundball, 4D, EV 95.6 MPH)
|
| Bottom of the 10th over - 0 runs, 0 hits, 0 errors, 0 left on base; Akron 2 - Trenton 1 |
|